 Dungeon Crawl Stone Soup version 0.21.1-1-g345015fe64 (webtiles) character file.

18684 StormFly the Severer (level 12, -5/104 HPs)
             Began as a Minotaur Fighter on June 2, 2018.
             Was a Believer of the Shining One.
             Slain by an orc knight
             ... wielding a +0 antimagic broad axe
              (6 damage)
             ... on level 2 of the Orcish Mines.
             The game lasted 02:43:15 (18126 turns).

StormFly the Severer (Minotaur Fighter)            Turns: 18126, Time: 02:43:16

Health: -5/104     AC: 20    Str: 27    XL:     12   Next: 29%
Magic:  7/11       EV:  7    Int: 10    God:    the Shining One [**....]
Gold:   835        SH: 12    Dex: 13    Spells: 11/11 levels left

rFire    . . .     SeeInvis .   a - +0 war axe
rCold    . . .     Gourm    .   c - +0 shield
rNeg     + + .     Faith    .   E - +2 plate armour
rPois    .         Spirit   .   (helmet restricted)
rElec    .         Reflect  .   R - +0 cloak
rCorr    .         Harm     +   G - +0 pair of gloves
MR       .....                  q - +0 pair of boots
Stlth    ..........             d - amulet of harm
HPRegen  0.27/turn              g - +5 ring of intelligence
MPRegen  0.12/turn              P - ring of positive energy

@: about to teleport, glowing
A: retaliatory headbutt, horns 2, strong 2
a: Divine Shield, Renounce Religion


You were on level 2 of the Orcish Mines.
You worshipped the Shining One.
The Shining One was pleased with you.
You were hungry.

You visited 4 branches of the dungeon, and saw 16 of its levels.

You collected 835 gold pieces.

Inventory:

Hand Weapons
 a - a +0 war axe (weapon)
 e - a +0 mace of crushing
 j - a +0 battleaxe
 k - a +2 hand axe of draining
 l - a +1 scythe of flaming
 n - a +3 morningstar of freezing
 u - a +2 halberd of flaming
 v - a +0 arbalest
Missiles
 w - 11 tomahawks (quivered)
 H - 2 javelins of penetration
Armour
 c - a +0 shield (worn)
 q - a +0 pair of boots (worn)
 s - a +0 plate armour
 E - a +2 plate armour (worn)
 G - a +0 pair of gloves (worn)
 R - a +0 cloak (worn)
 S - a +0 shield
Magical Staves
 p - an uncursed staff of death {unknown}
Jewellery
 d - an amulet of harm (around neck)
 g - a +5 ring of intelligence (left hand)
 o - an uncursed amulet of rage
 C - a +2 ring of evasion
 K - an uncursed ring of stealth
 P - a ring of positive energy (right hand)
Wands
 b - a wand of scattershot (7)
 x - a wand of flame (30)
 M - a wand of iceblast (6)
 Q - a wand of digging (17)
 Y - a wand of clouds (6)
 Z - a wand of acid (5)
Scrolls
 m - 2 scrolls of amnesia
 D - 4 scrolls of remove curse
 N - 3 scrolls of identify
 V - 5 scrolls of fog
 W - 3 scrolls of teleportation
 X - a scroll of magic mapping
Potions
 h - a potion of haste
 r - 2 potions of brilliance
 t - a potion of agility
 z - a potion of flight
 O - a potion of lignification
Books
 i - a book of Battle

   Spells                             Type                      Level
   a - Infusion                       Charms                       1
   b - Shroud of Golubria             Charms/Translocation         2
   c - Song of Slaying                Charms                       2
   d - Spectral Weapon                Hexes/Charms                 3
   e - Regeneration                   Charms/Necromancy            3
 J - a book of Cantrips

   Spells                             Type                      Level
   a - Confusing Touch                Hexes                        1
   b - Animate Skeleton               Necromancy                   1
   c - Summon Small Mammal            Summoning                    1
   d - Apportation                    Translocation                1
Comestibles
 f - 3 rations


   Skills:
 + Level 9.1 Fighting
 * Level 16.2 Axes
 + Level 7.2 Throwing
 + Level 10.0 Armour
 - Level 1.1 Dodging
 + Level 1.2 Stealth
 + Level 8.7 Shields
 + Level 0.4 Invocations
 - Level 1.2 Evocations


You had 11 spell levels left.
You didn't know any spells.

Dungeon Overview and Level Annotations

Branches:
Dungeon (11/15)            Temple (1/1) D:6            Lair (2/6) D:9
  Snake (0/4) Lair:2          Orc (2/2) D:11            Elf (0/3) Orc:2
  Swamp: Lair:2-4    Shoals: Lair:2-4

Altars:
Ashenzari
Cheibriados
Dithmenos
Elyvilon
Fedhas
Gozag
Hepliaklqana
Kikubaaqudgha
Makhleb
Nemelex Xobeh
Okawaru
Qazlal
Ru
Sif Muna
Trog
Uskayaw
Vehumet
Wu Jian
Xom
Yredelemnul
Zin
The Shining One
Beogh

Shops:
D:6 [   Orc:2 }


Innate Abilities, Weirdness & Mutations

You reflexively headbutt those who attack you in melee.
You have a pair of horns on your head.
Your muscles are very strong. (Str +4)


Message History

You hit the orc warrior but do no damage.
You block the orc warrior's attack. You block the orc knight's attack.
You slash the orc knight!
The orc knight is almost dead.
You closely miss the orc warrior. You block the orc warrior's attack.
You closely miss the orc knight. You headbutt the orc knight.
The orc knight is almost dead.
You hit the orc warrior.
The orc knight hits you with an uncursed antimagic broad axe.
* * * LOW HITPOINT WARNING * * *
You feel your power leaking away.
You barely miss the orc knight.
The orc knight is almost dead.
You hit the orc warrior but do no damage.
The orc warrior hits you with a glaive!!
* * * LOW HITPOINT WARNING * * *
As you read the scroll of teleportation, it crumbles to dust.
You feel strangely unstable.
The orc knight hits you with an uncursed antimagic broad axe.
You die...

### ##### ##.#####....
#...#.#..... ##..........
##....#.....
##...........
#######............
#o@(...............
......(o#########.......#
.......o# #....#.#.
....(...# #........
..$...#.# #......#.
........# #..<..#..
........# #....#...
........+ #........
#........


You could see an orc knight and 2 orc warriors.

Vanquished Creatures
  Gastronok (D:8)
  A two-headed ogre (D:10)
  An orc high priest (Orc:2)
  An orc knight (Orc:1)
  A cyclops (D:11)
  Psyche (D:9)
  An elephant (D:9)
  A gargoyle (D:10)
  A komodo dragon (Lair:1)
  The ghost of Moto the Poker, an amateur MiFi (D:3)
  A troll (D:11)
  Prince Ribbit (D:9)
  Sigmund (D:2)
  3 hippogriffs
  56 dancing weapons
  A vampire (D:9)
  A spriggan (D:8)
  A wyvern (Lair:2)
  3 hungry ghosts
  15 yaks
  A basilisk (D:9)
  3 wargs (Orc:2)
  3 nagas (Lair:2)
  2 water moccasins
  A porcupine (Lair:1)
  22 orc warriors
  2 sky beasts
  3 ice beasts
  2 necrophages
  4 ogres
  A black bear (Lair:2)
  4 eyes of draining
  A phantom (D:9)
  3 centaurs
  3 big kobolds
  2 crocodiles
  11 bullfrogs
  3 scorpions
  11 killer bees
  10 wights
  3 howler monkeys (D:9)
  8 crimson imps
  5 hounds
  9 orc priests
  5 jellies
  2 centaur skeletons
  21 orc wizards
  Crazy Yiuf (D:6)
  2 bullfrog skeletons
  2 iguanas
  8 worker ants
  A hound skeleton (D:4)
  A worker ant zombie (D:5)
  A howler monkey skeleton (D:8)
  2 gnolls (D:8)
  11 adders
  6 shadow imps
  2 oozes
  An adder zombie (D:7)
  An adder skeleton (D:9)
  5 worms
  A dart slug (D:2)
  3 leopard geckos
  63 orcs
  3 giant cockroaches
  11 goblins
  8 hobgoblins
  15 jackals
  8 quokkas
  A ball python (D:5)
  8 bats
  7 frilled lizards
  A goblin skeleton (D:8)
  5 hobgoblin zombies (D:8)
  18 kobolds
  A kobold skeleton (D:8)
  A kobold zombie (D:8)
  A leopard gecko skeleton (D:8)
  A leopard gecko zombie (D:7)
  An orc skeleton (D:8)
  An orc zombie (D:8)
  A quokka skeleton (D:5)
  4 rats
  2 fungi
  A plant (D:9)
448 creatures vanquished.

Vanquished Creatures (others)
  A fungus (D:9)
  A plant (D:9)
2 creatures vanquished.

Grand Total: 450 creatures vanquished

Notes
Turn   | Place    | Note
-------+----------+-------------------------------------------
     0 | D:1      | StormFly the Minotaur Fighter began the quest for the Orb.
     0 | D:1      | Reached XP level 1. HP: 19/19 MP: 0/0
   378 | D:1      | Reached XP level 2. HP: 27/27 MP: 1/1
   904 | D:1      | Reached skill level 3 in Axes
  1186 | D:1      | Reached XP level 3. HP: 33/33 MP: 2/2
  1519 | D:2      | Noticed Sigmund
  1527 | D:2      | Killed Sigmund
  1527 | D:2      | Reached skill level 5 in Axes
  1527 | D:2      | Reached XP level 4. HP: 41/41 MP: 3/3
  1527 | D:2      | Reached XP level 5. HP: 47/47 MP: 4/4
  1676 | D:2      | Found a shadowy altar of Dithmenos.
  1888 | D:2      | Found a shattered altar of Ashenzari.
  2827 | D:3      | Reached XP level 6. HP: 53/53 MP: 5/5
  2997 | D:3      | Noticed Moto's ghost (amateur MiFi)
  3008 | D:3      | Killed Moto's ghost
  3008 | D:3      | Reached skill level 6 in Axes
  3008 | D:3      | Reached skill level 5 in Armour
  3100 | D:3      | Reached XP level 7. HP: 60/60 MP: 6/6
  3955 | D:4      | Reached skill level 7 in Axes
  4262 | D:4      | Reached skill level 5 in Shields
  4341 | D:4      | Found a shimmering altar of Xom.
  5074 | D:4      | Reached skill level 8 in Axes
  5279 | D:5      | Entered Level 5 of the Dungeon
  5330 | D:5      | Reached XP level 8. HP: 34/67 MP: 7/7
  5478 | D:5      | Reached skill level 5 in Fighting
  5546 | D:5      | Reached skill level 9 in Axes
  5606 | D:5      | Reached skill level 1 in Throwing
  5687 | D:5      | Found a snail-covered altar of Cheibriados.
  5693 | D:5      | Found a radiant altar of Vehumet.
  5693 | D:5      | Found a hide-covered altar of Uskayaw.
  5985 | D:5      | Found an ornate altar of the Wu Jian Council.
  6006 | D:5      | Became a worshipper of the Wu Jian Council
  6292 | D:6      | Reached skill level 1 in Dodging
  6293 | D:6      | Found Latax's Armour Shop.
  6396 | D:6      | Reached skill level 10 in Axes
  6840 | D:6      | Reached XP level 9. HP: 75/75 MP: 8/8
  6853 | D:6      | Reached * piety under Wu Jian
  6932 | D:6      | Found a staircase to the Ecumenical Temple.
  7356 | D:6      | Found a runed door.
  7360 | D:6      | Noticed Crazy Yiuf
  7373 | D:6      | Killed Crazy Yiuf
  7679 | Temple   | Entered the Ecumenical Temple
  7822 | D:7      | Reached skill level 11 in Axes
  7877 | D:7      | Found a bloodstained altar of Trog.
  8039 | D:7      | Found a deep blue altar of Sif Muna.
  8215 | D:7      | Gained mutation: Your muscles are strong. (Str +2) [potion of mutation]
  8215 | D:7      | Gained mutation: Your muscles are very strong. (Str +4) [potion of mutation]
  8273 | D:7      | Reached ** piety under Wu Jian
  8566 | D:8      | Noticed Gastronok
  8591 | D:8      | Killed Gastronok
  8591 | D:8      | Reached skill level 12 in Axes
  8591 | D:8      | Reached skill level 1 in Evocations
  8591 | D:8      | Reached XP level 10. HP: 86/86 MP: 9/9
  8681 | D:8      | Found a basalt altar of Yredelemnul.
  8714 | D:8      | Reached skill level 13 in Axes
  8728 | D:8      | Reached skill level 1 in Stealth
  9043 | D:8      | Found a sacrificial altar of Ru.
  9331 | D:8      | Found a glowing golden altar of the Shining One.
  9350 | D:8      | Reached *** piety under Wu Jian
  9354 | D:8      | Fell from the grace of Wu Jian
  9354 | D:8      | Became a worshipper of the Shining One
  9807 | D:9      | Reached skill level 5 in Throwing
  9872 | D:9      | Noticed Psyche
  9882 | D:9      | Killed Psyche
 10046 | D:9      | Noticed an elephant
 10054 | D:9      | Reached skill level 14 in Axes
 10069 | D:9      | Reached XP level 11. HP: 67/93 MP: 10/10
 10212 | D:9      | Found a staircase to the Lair.
 10213 | D:9      | Noticed Prince Ribbit
 10221 | D:9      | Killed Prince Ribbit
 10426 | D:9      | Reached * piety under the Shining One
 11378 | Lair:1   | Entered Level 1 of the Lair of Beasts
 12290 | Lair:2   | Found a staircase to the Snake Pit.
 12728 | D:10     | Entered Level 10 of the Dungeon
 12877 | D:10     | Reached skill level 15 in Axes
 13144 | D:10     | Noticed a two-headed ogre
 13150 | D:10     | Killed a two-headed ogre
 13930 | D:11     | Reached ** piety under the Shining One
 14431 | D:11     | Found a staircase to the Orcish Mines.
 16011 | D:11     | Found a radiant altar of Vehumet.
 16309 | D:11     | Reached XP level 12. HP: 103/103 MP: 11/11
 16426 | D:11     | Was forgiven by Wu Jian
 16712 | Orc:1    | Entered Level 1 of the Orcish Mines
 16793 | Orc:1    | Reached skill level 16 in Axes
 17259 | Orc:2    | Entered Level 2 of the Orcish Mines
 17461 | Orc:2    | Noticed an orc high priest
 17477 | Orc:2    | Killed an orc high priest
 17654 | Orc:2    | Found a staircase to the Elven Halls.
 17683 | Orc:2    | Reached skill level 10 in Armour
 17754 | Orc:2    | Found a roughly hewn altar of Beogh.
 17775 | Orc:2    | Found Ditrigot's Gadget Emporium.
 18125 | Orc:2    | HP: 1/104 [orc warrior/glaive[an orc knight] (21)]
 18126 | Orc:2    | Slain by an orc knight

Skill      XL: |  1  2  3  4  5  6  7  8  9 10 11 12 |
---------------+-------------------------------------+-----
Fighting       | 4 5 7 8 9 |  9.1
Axes           | 3 5 6 8 10 12 14 15 16 | 16.2
Armour         | 4 5 6 7 8 9 10 | 10.0
Shields        | 4 5 6 7 8 |  8.7
Throwing       | 2 4 5 6 7 |  7.2
Dodging        | 1 |  1.1
Evocations     | 1 |  1.2
Stealth        | 1 |  1.2
Invocations    | |  0.4

Action                   |  1- 3 |  4- 6 |  7- 9 | 10-12 || total
-------------------------+-------+-------+-------+-------++-------
Melee: War axe           |    87 |    61 |   302 |   577 ||  1027
       Headbutt          |     8 |    13 |    50 |   128 ||   199
       Unarmed           |       |       |     1 |       ||     1
 Fire: Shortbow          |       |       |     2 |       ||     2
Throw: Javelin           |     5 |     3 |     6 |    32 ||    46
       Tomahawk          |       |       |     7 |    51 ||    58
Invok: Lunge             |       |       |    19 |     4 ||    23
       Wall Jump         |       |       |     2 |     3 ||     5
       Whirlwind         |       |       |     2 |     1 ||     3
       Divine Shield     |       |       |       |     4 ||     4
Evoke: Wand              |       |       |     9 |     6 ||    15
  Use: Scroll            |     4 |     5 |     9 |    11 ||    29
       Potion            |     1 |     3 |     5 |     5 ||    14
  Eat: Chunk             |     2 |     2 |     2 |     6 ||    12
       Ration            |       |     1 |     6 |     8 ||    15
Armor: Scale mail        |    34 |    16 |       |       ||    50
       Plate armour      |       |    23 |   106 |   210 ||   339
       Skin              |       |       |     2 |       ||     2
Dodge: Dodged            |    16 |    10 |    33 |    82 ||   141
Block: Shield            |    49 |    31 |   109 |   242 ||   431
